 Dungeon Crawl Stone Soup version 0.29.0-15-g675c0067aa (webtiles) character file.

Game seed: 8090183452016904853

369 qw the Sneak (level 6, -1/38 HPs)
             Began as a Gargoyle Delver on Sept 11, 2022.
             Slain by a gnoll
             ... wielding a +0 whip
             ... led by a gnoll sergeant
              (5 damage)
             ... on level 5 of the Dungeon.
             The game lasted 00:02:12 (4312 turns).

qw the Sneak (Gargoyle Delver)                      Turns: 4312, Time: 00:02:12

Health: -1/38      AC: 16    Str: 18    XL:     6   Next: 70%
Magic:  6/6        EV: 10    Int: 10    God:
Gold:   288        SH:  0    Dex: 11    Spells: 5/5 levels left

rFire   . . .      SeeInvis .   Y - +1 hand axe (flame)
rCold   . . .      Faith    .   (no shield)
rNeg    + . .      Spirit   .   m - +0 scale mail
rPois   inf        Reflect  .   (no helmet)
rElec   +          Harm     .   (no cloak)
rCorr   .          Rampage  .   (no gloves)
Will    .....                   i - +0 pair of boots
Stlth   +.........              b - amulet of regeneration
HPRegen 0.92/turn               d - +4 ring of protection
MPRegen 0.10/turn               (no ring)

@: no status effects
A: sickness immunity, AC +4, negative energy resistance 1, electricity
resistance, torment resistance 1, petrification resistance
a: no special abilities


You were on level 5 of the Dungeon.
You visited 1 branch of the dungeon, and saw 5 of its levels.

You collected 288 gold pieces.


Innate Abilities, Weirdness & Mutations

You are immune to sickness and miasma.
Your stone body is resilient. (AC +4)
You are immune to poison.
You resist negative energy. (rN+)
You are resistant to electric shocks. (rElec)
You are resistant to unholy torment.
You are immune to petrification.


   Skills:
 - Level 4.2 Fighting
 + Level 5.2 Axes
 - Level 1.0 Throwing
 - Level 2.6 Armour
 - Level 1.5 Dodging
 - Level 5.4 Stealth


You had 5 spell levels left.
You didn't know any spells.
Your spell library was empty.

Inventory:

Hand Weapons
 Y - a +1 hand axe of flaming (weapon)
Missiles
 h - 3 javelins (quivered)
Armour
 i - a +0 pair of boots (worn)
 m - a +0 scale mail (worn)
Jewellery
 b - an amulet of regeneration (around neck)
 d - a +4 ring of protection (left hand)
Wands
 g - a wand of digging (3)
Scrolls
 e - a scroll of identify
Potions
 a - a potion of brilliance {unknown}
 c - a potion of cancellation
 f - 2 potions of haste
 j - a potion of lignification {unknown}
 k - a potion of heal wounds {unknown}

Dungeon Overview and Level Annotations

Branches:
Dungeon (5/15)
 Temple: D:4-7

Altars:
Qazlal
Xom

Shops:
D:2 =   D:3 :


Message History

The gnoll is heavily wounded.
The gnoll shouts!
The gnoll hits you but does no damage.
You slash the gnoll! You burn the gnoll.
You kill the gnoll!
A gnoll comes into view. It is wielding a +0 halberd.
The gnoll sergeant hits you from afar with a +2 spear of venom.
4304 ||| Stepping ~*~*~tactically~*~*~ (hiding).
Things that are here:
a +0 flail; a scroll of identify
Things that are here:
a +0 whip; a gnoll corpse You hit the gnoll sergeant.
You burn the gnoll sergeant. The gnoll sergeant blocks your attack.
The gnoll sergeant is lightly wounded.
The gnoll throws a throwing net.
The throwing net hits you.
You become entangled in the net!
The gnoll sergeant hits you with a +2 spear of venom.
You struggle against the net.
The gnoll sergeant hits you with a +2 spear of venom.
You struggle against the net.
The gnoll hits you but does no damage.
The gnoll sergeant hits you with a +2 spear of venom.
You tear a large gash into the net.
The gnoll barely misses you. The gnoll hits you with a +0 whip.
The gnoll sergeant completely misses you.
You rip the net and break free!
The gnoll hits you from afar with a +0 halberd.
The gnoll hits you with a +0 whip.
The gnoll sergeant hits you with a +2 spear of venom!
You hit the gnoll sergeant. You burn the gnoll sergeant.
The gnoll sergeant is moderately wounded.
You barely miss the gnoll. The gnoll barely misses you.
The gnoll hits you but does no damage.
The gnoll sergeant hits you with a +2 spear of venom.
You hit the gnoll sergeant. You burn the gnoll sergeant.
The gnoll sergeant is moderately wounded.
You hit the gnoll. You burn the gnoll. The gnoll misses you.
The gnoll hits you with a +0 whip.
You die...

..# #.# .( #.. .. #.#
.. #.# .# #.## .#
#..## g#
####+####...##g#
............)@g#
####.##.###..#######.
#....# #.......)..
####.# #.########.
#.# #.# ##.###.#
#...##.####
#.#.<.....#
#......##.#


You could see a gnoll sergeant and 2 gnolls.

Vanquished Creatures
  2 howler monkeys (D:5)
  A hound (D:5)
  4 orc wizards
  2 adders
  4 gnolls
  6 dart slugs
  10 orcs
  7 endoplasms
  2 giant cockroaches
  12 goblins
  9 hobgoblins
  5 jackals
  6 kobolds
  3 quokkas
  7 ball pythons
  10 bats
  5 frilled lizards
  5 rats
100 creatures vanquished.

Vanquished Creatures (others)
  An orc wizard (D:4)
  5 fungi (D:5)
6 creatures vanquished.

Grand Total: 106 creatures vanquished

Notes
Turn   | Place    | Note
-------+----------+-------------------------------------------
     0 | D:5      | qw the Gargoyle Delver began the quest for the Orb.
     0 | D:5      | Reached XP level 1. HP: 14/14 MP: 1/1
     0 | D:5      | 0 ||| qw: Version: 0.1-a-117-gfe26ee0
     0 | D:5      | 0 ||| qw: Game counter: 9871
     0 | D:5      | 0 ||| qw: Always use a shield: true
     0 | D:5      | 0 ||| qw: God list: Okawaru
     0 | D:5      | 0 ||| qw: Allow faded altars: false
     0 | D:5      | 0 ||| qw: Do Orc after D:15 true
     0 | D:5      | 0 ||| qw: Do second Lair branch before Depths: true
     0 | D:5      | 0 ||| qw: Lair rune preference: random
     0 | D:5      | 0 ||| qw: Plans: Normal
     0 | D:5      | 0 ||| PLANNING D:1-11
     0 | D:5      | 0 ||| DROPPING scroll of fog.
     1 | D:5      | 1 ||| DROPPING scroll of magic mapping.
     2 | D:5      | 2 ||| DROPPING scroll of fear.
    12 | D:4      | 12 ||| Stepping ~*~*~tactically~*~*~ (hiding).
    35 | D:4      | Reached XP level 2. HP: 8/19 MP: 2/2
   309 | D:3      | 309 ||| SWAPPING to +1 hand axe of flaming.
   310 | D:3      | 310 ||| DROPPING +0 hand axe.
   316 | D:3      | 316 ||| UPGRADING to +0 ring mail.
   326 | D:3      | 326 ||| DROPPING +0 leather armour.
   341 | D:3      | 341 ||| FLEEEEING.
   342 | D:3      | 342 ||| FLEEEEING.
   343 | D:3      | 343 ||| STAIRDANCE
   349 | D:2      | Reached skill level 3 in Axes
   349 | D:2      | Reached XP level 3. HP: 19/23 MP: 3/3
   398 | D:2      | 398 ||| Stepping ~*~*~tactically~*~*~ (stealth).
   427 | D:2      | Found Wohorid's Jewellery Shop.
   439 | D:2      | 439 ||| SHOPLISTING +4 ring of evasion (468 gold, have 28).
   439 | D:2      | 439 ||| SHOPLISTING ring "Meecew" {rF- rC+ Dex+4} (434
                  | gold, have 28).
   439 | D:2      | 439 ||| SHOPLISTING ring of Balance {Fire *Corrode Int+6
                  | Slay+5} (780 gold, have 28).
   439 | D:2      | 439 ||| SHOPLISTING ring of fire (325 gold, have 28).
   439 | D:2      | 439 ||| SHOPLISTING ring of resist corrosion (260 gold,
                  | have 28).
   439 | D:2      | 439 ||| SHOPLISTING ring of willpower (325 gold, have 28).
   561 | D:2      | 561 ||| UPGRADING to +0 pair of boots.
   566 | D:2      | 566 ||| READING scroll labelled MIBRUSM PUIT.
   567 | D:2      | 567 ||| READING scroll labelled CONABE XAOCLOE.
   568 | D:2      | 568 ||| READING scroll labelled HIOR FUCISCH.
   609 | D:1      | Found a faded altar of an unknown god.
   624 | D:1      | 624 ||| Stepping ~*~*~tactically~*~*~ (hiding).
   726 | D:1      | 726 ||| Stepping ~*~*~tactically~*~*~ (hiding).
   828 | D:1      | 828 ||| Stepping ~*~*~tactically~*~*~ (hiding).
   930 | D:1      | 930 ||| Stepping ~*~*~tactically~*~*~ (hiding).
   934 | D:1      | 934 ||| Stepping ~*~*~tactically~*~*~ (hiding).
  1048 | D:1      | Reached skill level 1 in Armour
  1121 | D:1      | 1121 ||| Stepping ~*~*~tactically~*~*~ (stealth).
  1124 | D:1      | 1124 ||| Stepping ~*~*~tactically~*~*~ (stealth).
  1127 | D:1      | 1127 ||| Stepping ~*~*~tactically~*~*~ (stealth).
  1130 | D:1      | 1130 ||| Stepping ~*~*~tactically~*~*~ (stealth).
  1132 | D:1      | 1132 ||| Stepping ~*~*~tactically~*~*~ (stealth).
  1133 | D:1      | 1133 ||| Stepping ~*~*~tactically~*~*~ (stealth).
  1134 | D:1      | 1134 ||| Stepping ~*~*~tactically~*~*~ (stealth).
  1140 | D:1      | 1140 ||| Stepping ~*~*~tactically~*~*~ (stealth).
  1145 | D:1      | 1145 ||| Stepping ~*~*~tactically~*~*~ (stealth).
  1151 | D:1      | 1151 ||| Stepping ~*~*~tactically~*~*~ (stealth).
  1156 | D:1      | 1156 ||| Stepping ~*~*~tactically~*~*~ (stealth).
  1160 | D:1      | 1160 ||| Stepping ~*~*~tactically~*~*~ (stealth).
  1162 | D:1      | 1162 ||| Stepping ~*~*~tactically~*~*~ (stealth).
  1164 | D:1      | 1164 ||| Stepping ~*~*~tactically~*~*~ (stealth).
  1291 | D:1      | 1291 ||| Stepping ~*~*~tactically~*~*~ (stealth).
  1292 | D:1      | 1292 ||| Stepping ~*~*~tactically~*~*~ (stealth).
  1294 | D:1      | 1294 ||| Stepping ~*~*~tactically~*~*~ (stealth).
  1319 | D:1      | Reached XP level 4. HP: 24/28 MP: 4/4
  1839 | D:1      | 1839 ||| READING scroll labelled INEXAU GADI.
  1842 | D:1      | 1842 ||| DRINKING 2 fizzy coppery potions.
  1943 | D:1      | 1943 ||| READING 4 scrolls of identify.
  1943 | D:1      | 1943 ||| IDENTIFYING fizzy green potion
  1944 | D:1      | 1944 ||| READING 3 scrolls of identify.
  1944 | D:1      | 1944 ||| IDENTIFYING fuming brown potion
  1945 | D:1      | 1945 ||| DROPPING potion of degeneration.
  1946 | D:1      | 1946 ||| DROPPING potion of ambrosia.
  1947 | D:1      | 1947 ||| DROPPING potion of flight.
  2094 | D:2      | 2094 ||| Stepping ~*~*~tactically~*~*~ (stealth).
  2230 | D:2      | 2230 ||| Stepping ~*~*~tactically~*~*~ (stealth).
  2864 | D:2      | 2864 ||| UPGRADING to amulet of regeneration.
  2869 | D:2      | 2869 ||| DRINKING 2 green potions.
  2870 | D:2      | 2870 ||| READING 2 scrolls of identify.
  2870 | D:2      | 2870 ||| IDENTIFYING fuming inky potion
  2871 | D:2      | 2871 ||| DROPPING potion of invisibility.
  2918 | D:3      | 2918 ||| STAIRDANCE
  2936 | D:3      | 2936 ||| STAIRDANCE
  3026 | D:3      | 3026 ||| Stepping ~*~*~tactically~*~*~ (stealth).
  3028 | D:3      | 3028 ||| Stepping ~*~*~tactically~*~*~ (stealth).
  3030 | D:3      | 3030 ||| Stepping ~*~*~tactically~*~*~ (stealth).
  3032 | D:3      | 3032 ||| Stepping ~*~*~tactically~*~*~ (stealth).
  3037 | D:3      | 3037 ||| Stepping ~*~*~tactically~*~*~ (stealth).
  3039 | D:3      | 3039 ||| Stepping ~*~*~tactically~*~*~ (stealth).
  3046 | D:3      | 3046 ||| Stepping ~*~*~tactically~*~*~ (stealth).
  3049 | D:3      | 3049 ||| Stepping ~*~*~tactically~*~*~ (stealth).
  3051 | D:3      | 3051 ||| Stepping ~*~*~tactically~*~*~ (stealth).
  3052 | D:3      | 3052 ||| Stepping ~*~*~tactically~*~*~ (stealth).
  3060 | D:3      | Found Labelublan's Book Boutique.
  3093 | D:3      | Reached XP level 5. HP: 32/32 MP: 5/5
  3099 | D:3      | 3099 ||| Stepping ~*~*~tactically~*~*~ (stealth).
  3124 | D:3      | 3124 ||| Stepping ~*~*~tactically~*~*~ (stealth).
  3458 | D:3      | 3458 ||| UPGRADING to +0 scale mail.
  3468 | D:3      | 3468 ||| DROPPING +0 ring mail.
  3469 | D:3      | 3469 ||| READING scroll labelled MYOLIER VUWUX.
  3492 | D:4      | Found a shimmering altar of Xom.
  3665 | D:4      | Found a stormy altar of Qazlal.
  3666 | D:4      | 3666 ||| UPGRADING to +4 ring of protection.
  3667 | D:4      | 3667 ||| Stepping randomly (stuck).
  3668 | D:4      | 3668 ||| Stepping randomly (stuck).
  3669 | D:4      | 3669 ||| Stepping randomly (stuck).
  3671 | D:4      | 3671 ||| Stepping randomly (stuck).
  3679 | D:4      | Reached skill level 1 in Throwing
  3825 | D:4      | Reached XP level 6. HP: 38/38 MP: 6/6
  3951 | D:4      | 3951 ||| Stepping ~*~*~tactically~*~*~ (stealth).
  4165 | D:4      | 4165 ||| DRINKING 2 bubbling yellow potions.
  4166 | D:4      | 4166 ||| DROPPING potion of attraction.
  4185 | D:5      | 4185 ||| RIP OSSUARY
  4283 | D:5      | 4283 ||| Stepping ~*~*~tactically~*~*~ (stealth).
  4290 | D:5      | 4290 ||| Stepping ~*~*~tactically~*~*~ (hiding).
  4304 | D:5      | 4304 ||| Stepping ~*~*~tactically~*~*~ (hiding).
  4310 | D:5      | HP: 8/38 [gnoll sergeant/+2 spear of venom (10)]
  4311 | D:5      | HP: 3/38 [gnoll sergeant/+2 spear of venom (6)]
  4312 | D:5      | Slain by a gnoll

Levels and vault maps discovered:
D:1:      psy_arrival_terrarium, layout_loops_ring,
          hellmonk_ecumenical_altar_prayer_group
D:2:      layout_loops_corners, serial_shops, nicolae_diamond_shop,
          chequers_serial_rivers_room_a, st_stairs_4,
          wander_ebering_terrifying_dragon_lair
D:3:      layout_basic, serial_shops, nicolae_square_shop
D:4:      layout_cave_pools, mainiacjoe_overflow_small_starburst,
          nicolae_qazlal_eye_of_the_storm, minmay_diced_spiral
D:5:      kennysheep_steamy, layout_loops_ring, enter_ossuary_3,
          grunt_tough_drop

Skill      XL: |  1  2  3  4  5  6 |
---------------+-------------------+-----
Axes           | 2 3 4 5 |  5.2
Armour         | 1 2 |  2.6
Throwing       | 1 |  1.0
Fighting       | 4 |  4.2
Dodging        | |  1.5
Stealth        | |  5.4

Action                   |  1- 3 |  4- 6 || total
-------------------------+-------+-------++-------
Melee: Hand axe          |    84 |   182 ||   266
       Punch             |       |     1 ||     1
Throw: Javelin           |       |    36 ||    36
  Use: Scroll            |     3 |     5 ||     8
       Potion            |       |     3 ||     3
 Stab: Sleeping          |     1 |     4 ||     5
Armor: Leather armour    |     8 |       ||     8
       Ring mail         |    22 |    62 ||    84
       Scale mail        |       |    91 ||    91
Dodge: Dodged            |    43 |    97 ||   140

Table legend:
 A = Non-vault XP
 B = Vault XP
 C = Vault XP percentage of total XP
 D = Non-vault monster count
 E = Vault monster count
 F = Vault count percentage of total count
                 A         B        C        D         E       F
            +---------+---------+-------+---------+---------+-------
      Total |     500 |      28 |   5.3 |      92 |       8 |   8.0
            +---------+---------+-------+---------+---------+-------
        D:1 |      43 |       4 |   8.5 |      27 |       2 |   6.9
        D:2 |      47 |      16 |  25.4 |      20 |       3 |  13.0
        D:3 |      81 |       0 |   0.0 |      22 |       0 |   0.0
        D:4 |     130 |       8 |   5.8 |      17 |       3 |  15.0
        D:5 |     199 |       0 |   0.0 |       6 |       0 |   0.0
            +---------+---------+-------+---------+---------+-------
